 Dungeon Crawl Stone Soup version 0.15.1-3-g1b33baa (webtiles) character file.

1748042 mutis the Swordmaster (level 26, 292/292 HPs)
             Began as a Minotaur Berserker on Oct 7, 2014.
             Was a High Priest of Trog.
             Escaped with the Orb
             ... and 3 runes on Oct 12, 2014!
             The game lasted 06:30:05 (63884 turns).

mutis the Swordmaster (Minotaur Berserker)         Turns: 63884, Time: 06:30:05

HP 292/292       AC 34     Str 24      XL: 26   Next: 66%
MP  32/32        EV 32     Int  4      God: Trog [*****.]
Gold 2534        SH 23     Dex 29      Spells:  0 memorised, 25 levels left

rFire  + . .     SeeInvis +     a - +4 eudemon blade (holy)
rCold  + + .     Clarity  +     q - +9 ring mail "Hyrphush Ydghu" {rPois rF+ MR++ SInv}
rNeg   + . .     rCorr    .     L - +4 shield {AC+3}
rPois  +         rRot     .     (helmet unavailable)
rElec  .         Spirit   .     z - +2 cloak
SustAb .         Warding  .     C - +2 pair of gloves {Str+3}
rMut   .         Stasis   .     w - +0 pair of boots (curse)
Gourm  .                        j - amulet of the Four Winds {Clar rN+ MR+++}
MR     +++++                    E - +6 ring of dexterity
                                J - ring "Mnoxut" {+Fly rC++}

@: almost entirely resistant to hostile enchantments, very unstealthy
A: retaliatory headbutt, horns 3, talons 1, molten scales 1, blurry vision 1,
poison resistance, robust 1, spit poison 1
a: Spit Poison, Burn Spellbooks, Berserk, Trog's Hand, Brothers in Arms,
Renounce Religion, Evoke Flight
0: Orb of Zot
}: 3/15 runes: barnacled, silver, gossamer


You escaped.
You worshipped Trog.
Trog was extremely pleased with you.
You were not hungry.

You visited 11 branches of the dungeon, and saw 57 of its levels.
You visited 2 bazaars.
You also visited: Bailey and Ice Cave.

You collected 6634 gold pieces.
You spent 4100 gold pieces at shops.

Inventory:

Hand weapons
 a - a +4 eudemon blade of holy wrath (weapon)
 i - the +9 scimitar of Dimmael {antimagic, rF++ Int+2}
   (You found it on level 3 of the Elven Halls)

   It disrupts the flow of magical energy around spellcasters and certain
   magical creatures (including the wielder).
   It affects your intelligence (+2).
   It greatly protects you from fire.
 t - the +6 scimitar of Flaming Death {flame, rPois rF++ rC- MR+}
   (You found it on level 4 of the Dungeon)

   It emits flame when wielded, causing extra injury to most foes and up to
   double damage against particularly susceptible opponents.
   Big, fiery blades are also staple armaments of hydra-hunters.
   It greatly protects you from fire.
   It makes you vulnerable to cold.
   It protects you from poison.
   It affects your resistance to hostile enchantments.
 U - the +10 scimitar of Day {slice, Dex+1 Stlth+}
   (Trog gifted it to you on level 4 of the Lair of Beasts)

   It inflicts extra damage upon your enemies.
   It affects your dexterity (+1).
   It makes you more stealthy.
Armour
 q - the +9 ring mail "Hyrphush Ydghu" (worn) {rPois rF+ MR++ SInv}
   (You found it on level 3 of the Elven Halls)

   It protects you from fire.
   It protects you from poison.
   It affects your resistance to hostile enchantments.
   It enhances your eyesight.
 w - a cursed +0 pair of boots (worn)
 z - a +2 cloak (worn)
 C - a +2 pair of gloves of strength (worn)
 L - a +4 shield of protection (worn)
Magical devices
 b - a wand of disintegration (4)
 p - a wand of paralysis (7)
 u - a wand of hasting (8)
 v - a wand of confusion (6)
 B - a wand of confusion (8)
 D - a wand of lightning (6)
Comestibles
 g - 14 fruits
 k - 32 meat rations
 o - 34 bread rations
 V - 14 royal jellies
Scrolls
 d - 15 scrolls of teleportation
 e - 22 scrolls of remove curse
 h - 13 scrolls of fear
 l - 7 scrolls of magic mapping
 n - 7 scrolls of vulnerability
 s - 5 scrolls of identify
 x - a scroll of enchant armour
 F - 2 scrolls of blinking
 N - 4 scrolls of holy word
 R - 7 scrolls of fog
Jewellery
 f - the ring "Psoe" {SustAb rElec}
   (You found it on level 1 of the Realm of Zot)

   [ring of sustain abilities]

   It sustains your strength, intelligence and dexterity.
   It insulates you from electricity.
 j - the amulet of the Four Winds (around neck) {Clar rN+ MR+++}
   (You bought it in a shop in a bazaar)

   [amulet of clarity]

   It provides mental clarity.
   It protects you from negative energy.
   It affects your resistance to hostile enchantments.
 r - the amulet "Cliuxias" {Ward rN+ Slay+5}
   (You found it on level 5 of the Shoals)

   [amulet of warding]

   It may prevent the melee attacks of summoned creatures.
   It affects your accuracy and damage with ranged weapons and melee attacks
   (+5).
   It protects you from negative energy.
 E - a +6 ring of dexterity (right hand)
 G - an uncursed ring of protection from cold
 J - the ring "Mnoxut" (left hand) {+Fly rC++}
   (You took it off a deep elf annihilator on level 3 of the Elven Halls)

   [ring of flight]

   It greatly protects you from cold.
   It lets you fly.
 P - an uncursed amulet of resist corrosion
Potions
 c - 4 potions of resistance
 m - a potion of cure mutation
 y - a potion of cancellation
 A - 11 potions of curing
 M - 8 potions of restore abilities
 O - 7 potions of haste
 Q - a potion of heal wounds
 S - a potion of invisibility
 T - 2 potions of agility
 W - 2 potions of brilliance
 Y - 4 potions of might
 Z - a potion of porridge


   Skills:
 O Level 27 Fighting
 O Level 27 Long Blades
 O Level 27 Armour
 - Level 17.7 Dodging
 + Level 22.6 Shields
 - Level 10.2 Evocations


You had 25 spell levels left.
You didn't know any spells.

Dungeon Overview and Level Annotations

Branches:
Dungeon (15/15)            Temple (0/1) D:4             Orc (4/4) D:10
    Elf (3/3) Orc:4          Lair (8/8) D:9          Shoals (5/5) Lair:4
 Spider (5/5) Lair:4        Slime (1/6) Lair:6       Vaults (5/5) D:14
  Crypt (1/3) Vaults:2     Depths (5/5) D:15            Zot (5/5) Depths:5

Altars:
Dithmenos
Elyvilon
Okawaru
Sif Muna
Vehumet
Xom
Yredelemnul
The Shining One
Beogh
Jiyva
Lugonu

Shops:
D:4 (   D:13 !   Orc:4 ([?:[   Elf:1 (   Shoals:3 =   Shoals:5 [   Vaults:3 }
Vaults:5 ?%!   Depths:1 :%*:   Depths:4 =

Portals:
Hell: Depths:1 Depths:2 Depths:3 Depths:4 Depths:5
Abyss: Depths:2 Depths:3 Depths:5
Pandemonium: Depths:3
Ziggurat: Depths:2

Annotations:
Crypt:1 Khufu


Innate Abilities, Weirdness & Mutations

You reflexively headbutt those who attack you in melee.
You have a pair of large horns on your head.
You have sharp toenails.
You are partially covered in molten scales (AC +1).
Your vision is a little blurry.
Your system is resistant to poisons.
You are robust (+10% HP).
You can spit poison.


Message History

You climb upwards.
You sense a powerful magical force warping space.
There is a stone staircase leading down here.
(D) Dungeon (T) Temple (O) Orcish Mines (E) Elven Halls (L) Lair (A) Shoals (N) Spider Nest (M) Slime Pits (V) Vaults (C) Crypt (U) Depths (H) Hell (Z) Zot
Where to? (Enter - D:2, ? - help)
Okay, then.
(D) Dungeon (T) Temple (O) Orcish Mines (E) Elven Halls (L) Lair (A) Shoals (N) Spider Nest (M) Slime Pits (V) Vaults (C) Crypt (U) Depths (H) Hell (Z) Zot
Where to? (Enter - D:2, ? - help)
Okay, then.
There is an open door here.
You open the door.
There is an open door here.
There is a staircase leading out of the dungeon here.
You have escaped!

#...#####.# #####...# #.####
#.......# #..... ######
#.###...# #.....
#....####.####..#####.####
#.##.#≈≈≈.≈§§#........####
#.##.'.≈≈≈§≈§'.######.#...
#.####≈....§§#.# #.#.## #.#
#≈§.@.≈≈#.# #.#.##
#.####≈.....≈#.# #.#.##
####>##.+.≈§≈≈≈.'.# ##.....
##.......#≈≈≈.≈≈≈#.## #......
#........####.####..## #.##.#.
#..##.#..#.##........###.##.#.
#..##....#.##.........#.(.....
#..##.......'.........'.......
#..###.[.#.##♣.♣♣♣......P.(P.P


There were no monsters in sight!

Vanquished Creatures
  Mara (twice) (Depths:1)
  3 ancient liches (Zot:5)
  2 pandemonium lords
  The ghost of mess the Conqueror, a great MiBe of Trog (Vaults:5)
  Norris (Depths:1)
  A Killer Klown (Zot:5)
  Mennas (Depths:5)
  12 golden dragons
  The ghost of Alarkh the Black Belt, a mighty DrTm of Nemelex Xobeh (Vaults:5)
  4 large abominations
  4 electric golems
  2 bone dragons
  A Brimstone Fiend (Vaults:5)
  Xtahua (Vaults:2)
  Frederick (Vaults:2)
  Nikola (Depths:1)
  A Hell Sentinel (Zot:5)
  Asterion (Vaults:1)
  15 tentacled monstrosities
  2 Ice Fiends
  2 deep elf master archers (Elf:3)
  2 titans (Vaults:5)
  The ghost of Dustman the Warrior, a mighty MiFi of Qazlal (Elf:3)
  29 Orb Guardians
  2 liches
  A Shadow Fiend (Depths:5)
  4 krakens
  An octopode crusher (Depths:4)
  4 Executioners
  18 storm dragons
  A sphinx (Vaults:2)
  Rupert (Shoals:4)
  Frances (Spider:4)
  A daeva (Depths:2)
  Kirke (Spider:4)
  The ghost of Frenchkiss the Brawler, a mighty VSMo of Dithmenos (Shoals:1)
  6 shadow dragons (Vaults:5)
  5 tengu reavers
  4 draconian monks
  Ilsuiw (Shoals:5)
  2 fire giants
  A draconian scorcher (Zot:4)
  An azure jelly (Slime:1)
  9 vault wardens
  3 iron dragons
  9 emperor scorpions
  Louise (Shoals:5)
  3 draconian knights
  8 deep elf sorcerers
  2 balrugs
  6 frost giants
  2 orc warlords
  4 ghost moths
  2 draconian zealots
  2 angels (Depths:2)
  A reaper (Zot:5)
  3 draconian shifters
  5 rakshasas
  2 spriggan defenders
  13 very ugly things
  7 deep elf demonologists
  A war gargoyle (Vaults:5)
  A curse skull (Crypt:1)
  5 green draconians
  25 stone giants
  4 draconian callers
  4 grey draconians
  3 black draconians
  3 mottled draconians
  4 dire elephants
  14 deep elf annihilators
  6 purple draconians
  7 yellow draconians
  4 white draconians
  A pale draconian (shapeshifter) (Depths:1)
  2 red draconians
  A green death (Depths:2)
  Snorg (Orc:2)
  23 vault guards
  10 ettins
  4 merfolk impalers (Shoals:5)
  8 merfolk javelineers (Shoals:5)
  7 deep elf death magi
  6 minotaurs
  2 jiangshi
  2 crystal guardians
  Josephine (D:10)
  4 great orbs of eyes
  27 fire dragons
  8 deep elf high priests
  22 ironheart preservers
  14 yaktaur captains
  22 ice dragons
  A spectral tengu (Vaults:5)
  5 hydras
  5 sirens
  2 spriggan air magi
  An alligator (shapeshifter) (Vaults:5)
  8 death cobs
  14 centaur warriors
  2 satyrs
  3 deep troll earth magi
  14 ogre magi
  3 deep troll shamans
  A death knight (Crypt:1)
  A merfolk aquamancer (Shoals:5)
  4 alligator snapping turtles
  24 death yaks
  A vampire mage (Depths:1)
  3 orc high priests
  2 tengu warriors
  Urug (D:12)
  A soul eater (Elf:3)
  Nergalle (Lair:8)
  A catoblepas (Shoals:4)
  3 fire crabs
  An iron troll (Depths:3)
  19 deep elf knights
  4 sun demons
  8 hell knights (Depths:5)
  2 wizards (D:14)
  15 skeletal warriors
  Erolcha (Orc:1)
  4 giant orange brains
  3 shadow wraiths
  15 sea snakes
  20 deep trolls
  An ice devil (Shoals:1)
  A swamp dragon (shapeshifter) (Vaults:5)
  18 orb spiders
  3 flayed ghosts
  14 deep elf summoners
  2 shadow demons
  5 unseen horrors
  12 hill giants
  An ice statue (IceCv)
  A tengu zombie (Vaults:4)
  A silver statue (Depths:2)
  8 orc sorcerers
  Pikel (D:7)
  An oklob plant (Orc:3)
  14 orc knights
  14 deep elf conjurers
  11 fauns
  61 ugly things
  A harpy (shapeshifter) (Vaults:5)
  5 necromancers
  5 griffons
  27 harpies
  A tengu skeleton (Depths:3)
  8 cyclopes
  6 water nymphs
  21 ironbrand convokers
  29 wolf spiders
  14 manticores
  A stone giant zombie (Vaults:4)
  8 sixfirhies
  A human zombie (Vaults:4)
  A water nymph (shapeshifter) (Depths:5)
  3 red wasps
  2 salamanders (shapeshifter) (Vaults:3)
  16 elephants
  An octopode (shapeshifter) (D:14)
  3 phantasmal warriors (Vaults:5)
  6 smoke demons
  26 moths of wrath
  A mermaid (shapeshifter) (Depths:2)
  An eye of devastation (shapeshifter) (Vaults:5)
  7 black mambas
  14 vault sentinels
  2 drowned souls
  10 mermaids
  Joseph (D:12)
  6 orc zombies
  A toenail golem (Depths:5)
  A molten gargoyle (Depths:2)
  5 torpor snails
  A centaur skeleton (D:10)
  Psyche (D:10)
  2 gargoyles
  6 iron devils
  A spriggan skeleton (Depths:3)
  14 komodo dragons
  5 kobold demonologists
  38 yaktaurs
  An elf (shapeshifter) (Vaults:5)
  5 hellwings
  A redback zombie (D:13)
  A komodo dragon (shapeshifter) (Vaults:5)
  12 spiny frogs
  5 trolls
  7 deep elf priests
  Grinder (D:3)
  23 polar bears
  5 fire drakes
  A hydra zombie (D:9)
  24 jumping spiders
  15 demonic crawlers
  4 red devils
  10 freezing wraiths
  2 fire vortices (Zot:1)
  A jumping spider (shapeshifter) (Vaults:4)
  An anaconda simulacrum (Crypt:1)
  22 merfolk
  Sonja (D:12)
  9 small abominations
  4 blue devils
  Prince Ribbit (D:7)
  A raven (shapeshifter) (Vaults:4)
  2 ravens (D:14)
  2 wind drakes (Shoals:4)
  31 blink frogs
  A baby alligator (shapeshifter) (Depths:4)
  7 boulder beetles
  22 two-headed ogres
  15 snapping turtles
  31 slime creatures
  A fire dragon zombie (D:15)
  28 trapdoor spiders
  An ettin zombie (Vaults:4)
  17 humans (D:14)
  A trapdoor spider (shapeshifter) (Depths:1)
  7 flying skulls (Crypt:1)
  5 basilisks
  26 redbacks
  3 ynoxinuls
  8 water elementals
  6 spriggans
  67 yaks
  A spriggan (shapeshifter) (Vaults:1)
  22 tarantellas
  4 shadows
  6 wraiths
  2 air elementals (Depths:3)
  4 wyverns
  3 steam dragons (Lair:8)
  11 hogs
  Grum (D:8)
  24 deep elf magi
  3 neqoxecs
  A golden eye (shapeshifter) (Vaults:2)
  A hog (shapeshifter) (Depths:5)
  5 chaos spawn
  2 vampires
  2 wandering mushrooms
  17 vampire mosquitoes
  21 deep elf fighters
  14 hippogriffs
  4 hungry ghosts
  8 wargs
  A soldier ant (D:13)
  Menkaure (D:5)
  43 wolves
  An elf skeleton (Depths:3)
  4 hell hounds (Lair:8)
  A naga (shapeshifter) (Depths:5)
  A swamp drake (Lair:8)
  17 spiders
  7 water moccasins
  A human skeleton (Depths:3)
  6 mottled dragons
  3 sky beasts
  6 ice beasts
  2 tengu (Bailey)
  59 orc warriors
  27 centaurs
  A slave (D:7)
  10 porcupines
  5 phantoms
  9 yellow wasps
  A deep dwarf (shapeshifter) (Depths:2)
  9 black bears
  3 boring beetles
  A necrophage (D:12)
  A dwarf (shapeshifter) (Vaults:4)
  8 boggarts
  12 crocodiles
  38 ogres
  Duvessa (D:4)
  19 giant frogs
  2 big kobolds
  A deep troll simulacrum (Vaults:3)
  A fire crab zombie (Vaults:2)
  2 brain worms (shapeshifter)
  A draconian skeleton (Crypt:1)
  A water moccasin zombie (D:10)
  8 scorpions
  5 electric eels
  3 eyes of draining
  2 water moccasin skeletons (D:10)
  5 jellies
  A troll zombie (D:10)
  4 wights (D:13)
  A troll skeleton (D:9)
  4 killer bees (D:11)
  A giant frog zombie (D:9)
  3 goliath beetles
  Dowan (D:4)
  25 hounds
  A demonspawn zombie (Crypt:1)
  3 quasits
  3 iron imps
  37 orc priests
  2 soldier ant zombies
  11 crimson imps
  12 iguanas
  4 orange rats
  Natasha (twice) (D:5)
  39 sheep
  9 worker ants
  42 orc wizards
  A mottled dragon zombie (D:9)
  2 ogre zombies
  A crocodile skeleton (D:10)
  A hound zombie (D:5)
  7 gnolls
  15 white imps
  24 adders
  54 green rats
  4 shadow imps
  2 giant mites
  2 worms
  7 ufetubi
  An orc simulacrum (D:10)
  2 oozes
  5 giant geckos
  168 orcs
  2 ball pythons
  12 bats
  2 bat skeletons
  A giant cockroach (D:5)
  29 goblins
  11 hobgoblins
  12 jackals
  13 quokkas
  A giant gecko skeleton (D:5)
  4 giant newts
  A goblin skeleton (D:4)
  A hobgoblin skeleton (D:4)
  A hobgoblin zombie (D:5)
  21 kobolds
  17 rats
  A rat zombie (D:8)
  5 ballistomycetes
  5 crawling corpses
  3 fungi
  5 plants
  17 tentacles
2727 creatures vanquished.

Vanquished Creatures (collateral kills)
  An orb of fire (Zot:5)
  Saint Roka (Shoals:4)
  2 Orb Guardians
  An acid blob (Slime:1)
  Polyphemus (Shoals:4)
  A titan (Vaults:5)
  A storm dragon (Vaults:5)
  A cacodemon (Elf:3)
  Gastronok (Lair:2)
  A stone giant (Vaults:4)
  A war gargoyle (Vaults:5)
  A draconian caller (Zot:1)
  An ettin (Vaults:5)
  A red draconian (Zot:5)
  A dire elephant (Depths:4)
  A white draconian (Zot:1)
  2 deep elf annihilators
  A merfolk javelineer (Shoals:5)
  5 vault guards
  An ironheart preserver (Vaults:1)
  A large abomination (Elf:3)
  2 ogre magi
  A deep elf knight (Elf:1)
  A sun demon (Zot:1)
  An orb spider (Spider:5)
  A necromancer (D:14)
  A human zombie (Vaults:1)
  An orc sorcerer (Orc:4)
  2 cyclopes (Shoals:4)
  A cyclops (shapeshifter) (Vaults:5)
  A water nymph (Shoals:5)
  7 orc knights
  A tengu conjurer (D:14)
  A merfolk (Shoals:5)
  A red devil (Orc:3)
  2 two-headed ogres
  A deep elf priest (Vaults:1)
  A raven (D:14)
  A yak (IceCv)
  2 deep elf magi (Elf:1)
  A deep elf fighter (Elf:1)
  A warg (Orc:4)
  A hippogriff (shapeshifter) (Vaults:5)
  10 orc warriors
  6 ogres
  4 centaurs
  A boggart (Vaults:1)
  A big kobold (D:12)
  An elf simulacrum (Vaults:1)
  A warg zombie (Orc:4)
  A troll zombie (Orc:4)
  An iron imp (D:12)
  A jelly (Slime:1)
  An orc wizard (Orc:3)
  A human skeleton (D:14)
  A spectral orc (Lair:8)
  7 sheep
  A spectral sheep (Vaults:5)
  An ufetubus (Zot:1)
  15 orcs
  7 orc zombies (Orc:4)
  2 crawling corpses (Elf:3)
  A fungus (Lair:8)
123 creatures vanquished.

Vanquished Creatures (others)
  A ghost moth (Zot:3)
  A stone giant (Elf:3)
  A yaktaur captain (Vaults:5)
  A deep elf high priest (Elf:3)
  2 iron trolls
  A deep troll (Shoals:5)
  12 drowned souls
  A stone giant skeleton (Vaults:1)
  4 trolls
  A two-headed ogre (Shoals:4)
  A deep elf mage (D:10)
  4 humans (Spider:4)
  20 ogres
  A lost soul (Elf:3)
  A centaur (Depths:3)
  An orc wizard (Depths:4)
  A gnoll (D:7)
  4 ufetubi (Depths:2)
  An orc (Orc:4)
  3 giant spores
  A goblin (D:7)
  A kobold (D:7)
  A crawling corpse (Elf:3)
  A fungus (Lair:8)
  A macabre mass (Elf:3)
  8 plants
  16 tentacles
  305 tentacle segments
396 creatures vanquished.

Grand Total: 3246 creatures vanquished

Notes
Turn   | Place    | Note
--------------------------------------------------------------
     0 | D:1      | mutis, the Minotaur Berserker, began the quest for the Orb.
     0 | D:1      | Reached XP level 1. HP: 19/19 MP: 1/1
    65 | D:1      | Reached skill level 4 in Long Blades
   197 | D:1      | Reached XP level 2. HP: 24/26 MP: 1/1
   447 | D:1      | Acquired Trog's second power
   686 | D:1      | Reached XP level 3. HP: 24/33 MP: 2/2
  1224 | D:2      | Reached skill level 5 in Fighting
  1779 | D:2      | Reached XP level 4. HP: 42/42 MP: 2/2
  1900 | D:3      | Noticed Grinder
  1906 | D:3      | Killed Grinder
  1906 | D:3      | Reached skill level 7 in Fighting
  1906 | D:3      | Reached XP level 5. HP: 53/53 MP: 2/2
  1906 | D:3      | Reached XP level 6. HP: 61/61 MP: 3/3
  2497 | D:3      | Noticed an ogre
  2504 | D:3      | Killed an ogre
  2505 | D:3      | Reached skill level 5 in Armour
  2523 | D:3      | Received a gift from Trog
  2718 | D:4      | Reached XP level 7. HP: 67/67 MP: 3/3
  2786 | D:4      | Found Mnesuan's Antique Weapon Shop.
  2793 | D:4      | Acquired Trog's third power
  2872 | D:4      | Found a staircase to the Ecumenical Temple.
  2957 | D:4      | Reached skill level 5 in Long Blades
  3071 | D:4      | Noticed Duvessa
  3072 | D:4      | Noticed Dowan
  3077 | D:4      | Killed Duvessa
  3080 | D:4      | Killed Dowan
  3184 | D:4      | Found a shimmering altar of Xom.
  3425 | D:5      | Entered Level 5 of the Dungeon
  3425 | D:5      | Noticed Menkaure
  3430 | D:5      | Killed Menkaure
  3430 | D:5      | Reached XP level 8. HP: 71/74 MP: 3/3
  3432 | D:5      | Reached skill level 8 in Long Blades
  3849 | D:5      | Noticed Natasha
  3852 | D:5      | Killed Natasha
  3974 | D:5      | Found a deep blue altar of Sif Muna.
  3974 | D:5      | Found a shadowy altar of Dithmenos.
  4065 | D:5      | Found a deep blue altar of Sif Muna.
  4065 | D:5      | Found a shadowy altar of Dithmenos.
  4272 | D:5      | Noticed Natasha
  4274 | D:5      | Killed Natasha
  4597 | D:5      | Found a deep blue altar of Sif Muna.
  4597 | D:5      | Found a shadowy altar of Dithmenos.
  5183 | D:6      | Reached skill level 5 in Shields
  5424 | D:6      | Found a white marble altar of Elyvilon.
  5852 | D:7      | Reached XP level 9. HP: 76/81 MP: 4/4
  5933 | D:7      | Noticed Pikel
  5940 | D:7      | Killed Pikel
  5940 | D:7      | Reached skill level 9 in Shields
  5974 | D:7      | Noticed Prince Ribbit
  5987 | D:7      | Killed Prince Ribbit
  5988 | D:7      | Reached skill level 10 in Shields
  6073 | D:7      | Found a flagged portal.
  6079 | Bailey   | Entered a bailey
  6638 | Bailey   | Reached XP level 10. HP: 60/88 MP: 4/4
  6683 | Bailey   | Noticed an orc knight
  6695 | Bailey   | Killed an orc knight
  7115 | D:7      | Reached skill level 10 in Armour
  7214 | D:8      | Found a shimmering altar of Xom.
  7379 | D:8      | Found a radiant altar of Vehumet.
  7387 | D:8      | Noticed Grum
  7399 | D:8      | Killed Grum
  7463 | D:8      | Reached skill level 11 in Armour
  7533 | D:8      | Found an iron altar of Okawaru.
  8006 | D:9      | Found a staircase to the Lair.
  8104 | D:9      | Reached skill level 12 in Armour
  8131 | D:9      | Noticed a hill giant
  8136 | D:9      | Killed a hill giant
  8397 | Lair:1   | Entered Level 1 of the Lair of Beasts
  8519 | Lair:1   | Reached skill level 13 in Armour
  8526 | Lair:1   | Reached XP level 11. HP: 72/94 MP: 4/4
  8677 | Lair:1   | Identified a scroll of acquirement
  8678 | Lair:1   | Got a brightly glowing plate armour
  8690 | Lair:1   | Identified the +5 plate armour "Xibbimm" {Int+1} (You acquired it on level 1 of the Lair of Beasts)
  8742 | Lair:1   | Received a gift from Trog
  9315 | Lair:2   | Reached skill level 1 in Evocations
  9640 | Lair:2   | Reached skill level 5 in Dodging
  9778 | Lair:2   | Noticed Gastronok
  9785 | Lair:2   | Killed Gastronok
  9891 | Lair:2   | Reached skill level 5 in Evocations
 10379 | Lair:3   | Noticed a six-headed hydra
 10386 | Lair:3   | Killed a three-headed hydra
 10530 | Lair:3   | Found a labyrinth entrance.
 11015 | Lair:4   | Received a gift from Trog
 11020 | Lair:4   | Got a twisted scimitar {god gift}
 11022 | Lair:4   | Identified the +10 scimitar of Day {slice, Dex+1 Stlth+} (Trog gifted it to you on level 4 of the Lair of Beasts)
 11189 | Lair:4   | Reached XP level 12. HP: 84/101 MP: 19/19
 11446 | Lair:4   | Got a faintly glowing ring mail
 11447 | Lair:4   | Identified the cursed -4 ring mail of Servitude {rElec rN+ Curse} (You found it on level 4 of the Lair of Beasts)
 11494 | Lair:4   | Found a hole to the Spider Nest.
 11494 | Lair:4   | Noticed an orb spider
 11517 | Lair:4   | Killed an orb spider
 11766 | Lair:4   | Found a staircase to the Shoals.
 12308 | Lair:5   | Reached skill level 10 in Evocations
 13176 | Lair:5   | Reached skill level 10 in Dodging
 13232 | Lair:5   | Noticed a seven-headed hydra
 13241 | Lair:5   | Killed a two-headed hydra
 13241 | Lair:5   | Received a gift from Trog
 13246 | Lair:5   | Got a fine cutlass {god gift}
 13247 | Lair:5   | Identified the +4 cutlass "Shyoj" {venom, *Rage rC+ Str+2 Int+2} (Trog gifted it to you on level 5 of the Lair of Beasts)
 13512 | Lair:6   | Found a staircase to the Slime Pits.
 13512 | Lair:6   | Found a viscous altar of Jiyva.
 13527 | Lair:6   | Reached skill level 10 in Long Blades
 13726 | Lair:6   | Reached XP level 13. HP: 62/107 MP: 23/23
 14419 | Lair:7   | Received a gift from Trog
 15184 | Lair:7   | Received a gift from Trog
 15516 | Lair:8   | Entered Level 8 of the Lair of Beasts
 15660 | Lair:8   | Reached skill level 14 in Armour
 15694 | Lair:8   | Noticed Nergalle
 15706 | Lair:8   | Killed Nergalle
 15898 | Lair:8   | Received a gift from Trog
 16139 | Lair:8   | Reached XP level 14. HP: 112/114 MP: 23/23
 16177 | Lair:8   | Received a gift from Trog
 16206 | Lair:8   | Reached skill level 15 in Armour
 16301 | Lair:8   | Reached skill level 15 in Long Blades
 16508 | Lair:8   | Received a gift from Trog
 16519 | Lair:8   | Got a blackened scimitar {god gift}
 16522 | Lair:8   | Identified the +8 scimitar of Doom {slice, rElec rF+} (Trog gifted it to you on level 8 of the Lair of Beasts)
 17642 | D:10     | Entered Level 10 of the Dungeon
 17815 | D:10     | Found a staircase to the Orcish Mines.
 17854 | D:10     | Received a gift from Trog
 18516 | D:10     | Noticed Psyche
 18520 | D:10     | Killed Psyche
 18560 | D:10     | Noticed Josephine
 18571 | D:10     | Killed Josephine
 18730 | D:11     | Gained mutation: You can spit poison. [potion of mutation]
 18730 | D:11     | Gained mutation: You have sharp toenails. [potion of mutation]
 18730 | D:11     | Gained mutation: You are agile. (Dex +2) [potion of mutation]
 18775 | D:11     | Found a basalt altar of Yredelemnul.
 19246 | D:12     | Noticed Urug
 19256 | D:12     | Killed Urug
 19256 | D:12     | Reached skill level 10 in Fighting
 19385 | D:12     | Received a gift from Trog
 19463 | D:12     | Noticed Joseph
 19469 | D:12     | Killed Joseph
 19537 | D:12     | Found a frozen archway.
 19579 | IceCv    | Entered an ice cave
 19823 | IceCv    | Received a gift from Trog
 19946 | IceCv    | Reached XP level 15. HP: 134/134 MP: 25/25
 19991 | IceCv    | Noticed a frost giant
 20024 | IceCv    | Killed a frost giant
 20414 | D:12     | Noticed Sonja
 20437 | D:12     | Killed Sonja
 20819 | Orc:1    | Entered Level 1 of the Orcish Mines
 20824 | Orc:1    | Received a gift from Trog
 20830 | Orc:1    | Noticed Erolcha
 20838 | Orc:1    | Killed Erolcha
 20931 | Orc:2    | Noticed Snorg
 20946 | Orc:2    | Killed Snorg
 21542 | Orc:3    | Received a gift from Trog
 21780 | Orc:4    | Entered Level 4 of the Orcish Mines
 21795 | Orc:4    | Found a staircase to the Elven Halls.
 21875 | Orc:4    | Found a roughly hewn altar of Beogh.
 21994 | Orc:4    | Found a roughly hewn altar of Beogh.
 21994 | Orc:4    | Found Zakh's Antique Armour Boutique.
 22015 | Orc:4    | Found Owual's Antique Weapon Shop.
 22027 | Orc:4    | Bought a fine plate armour for 896 gold pieces
 22028 | Orc:4    | Identified the +2 plate armour of Disguise {+Blink Str+1} (You bought it in a shop on level 4 of the Orcish Mines)
 22130 | Orc:4    | Received a gift from Trog
 22135 | Orc:4    | Found Ekliymil's Armour Shop.
 22149 | Orc:4    | Reached skill level 15 in Fighting
 22299 | Orc:4    | Found a roughly hewn altar of Beogh.
 22319 | Orc:4    | Found Qulaozxu's Magic Scroll Shop.
 22410 | Orc:4    | Found a roughly hewn altar of Beogh.
 22507 | Orc:4    | Found a roughly hewn altar of Beogh.
 22547 | Orc:4    | Found a roughly hewn altar of Beogh.
 22576 | Orc:4    | Found a gateway to a bazaar.
 22641 | Orc:4    | Found a roughly hewn altar of Beogh.
 22666 | Orc:4    | Found Twietolo's Book Shop.
 22727 | Bazaar   | Entered a bazaar
 22727 | Bazaar   | Found Ocenitih's Armour Emporium.
 22727 | Bazaar   | Found Smarch Huek's Food Shop.
 22728 | Bazaar   | Found Tionic's Weapon Boutique.
 22729 | Bazaar   | Found Kutaogg's Distillery.
 22729 | Bazaar   | Found Jaimm's Gadget Shoppe.
 22758 | Bazaar   | Bought a potion of beneficial mutation for 560 gold pieces
 22758 | Bazaar   | Bought a potion of beneficial mutation for 560 gold pieces
 22758 | Bazaar   | Bought a potion of heal wounds for 48 gold pieces
 22768 | Bazaar   | Gained mutation: Your system is resistant to poisons. [potion of beneficial mutation]
 22769 | Bazaar   | Gained mutation: You can breathe flames. [potion of beneficial mutation]
 23033 | D:13     | Found Dutabem's Distillery.
 23076 | D:13     | Received a gift from Trog
 23271 | D:13     | Reached skill level 16 in Fighting
 23732 | D:14     | Gained mutation: You evolve. [mutagenic meat]
 23733 | D:14     | Gained mutation: Your spells are a little harder to cast, but a little more powerful. [mutagenic meat]
 23742 | D:14     | Gained mutation: Armour fits poorly on your strangely shaped body. [mutagenic meat]
 24146 | D:14     | Lost mutation: Armour fits poorly on your strangely shaped body. [evolution]
 24641 | D:14     | Received a gift from Trog
 24650 | D:14     | Reached skill level 17 in Armour
 24677 | D:14     | Reached XP level 16. HP: 151/151 MP: 25/25
 24718 | D:14     | Got a crude brass amulet
 24719 | D:14     | Identified the amulet "Ofaroh" {rMut Stlth--} (You acquired it on level 14 of the Dungeon)
 24723 | D:14     | Found a gate to the Vaults.
 24822 | D:15     | Entered Level 15 of the Dungeon
 25056 | D:15     | Found a staircase to the Depths.
 25405 | D:15     | Reached skill level 18 in Armour
 26193 | Slime:1  | Entered Level 1 of the Pits of Slime
 26522 | Slime:1  | Noticed an acid blob
 26535 | Slime:1  | Killed an acid blob
 26679 | Shoals:1 | Entered Level 1 of the Shoals
 26832 | Shoals:1 | Noticed Frenchkiss' ghost (mighty VSMo)
 27700 | Shoals:1 | Received a gift from Trog
 28640 | Shoals:1 | Killed Frenchkiss' ghost
 28921 | Shoals:2 | Lost mutation: You can spit poison. [evolution]
 29837 | Shoals:3 | Got a faintly glowing chain mail
 29853 | Shoals:3 | Identified the +0 chain mail of Disguise {rC++ Str+1} (You found it on level 3 of the Shoals)
 29933 | Shoals:3 | Found Breal's Jewellery Shoppe.
 30203 | Shoals:3 | Reached XP level 17. HP: 121/158 MP: 26/26
 30725 | Shoals:4 | Noticed Saint Roka
 30742 | Shoals:4 | Killed Saint Roka
 30985 | Shoals:4 | Noticed Polyphemus
 31018 | Shoals:4 | Killed Polyphemus
 31328 | Shoals:4 | Reached skill level 15 in Dodging
 31501 | Shoals:4 | Noticed Rupert
 31510 | Shoals:4 | Paralysed by Rupert for 6 turns
 31521 | Shoals:4 | Killed Rupert
 31581 | Shoals:4 | Received a gift from Trog
 31606 | Shoals:4 | Got an encrusted long sword {god gift}
 31607 | Shoals:4 | Identified the +1 long sword of Trog's Outrage {flame, +Rage rF+ Str-1} (Trog gifted it to you on level 4 of the Shoals)
 32009 | Shoals:5 | Entered Level 5 of the Shoals
 32009 | Shoals:5 | Found Yjigruiz's Armour Shop.
 32016 | Shoals:5 | Noticed Ilsuiw
 32060 | Shoals:5 | Killed Ilsuiw
 32079 | Shoals:5 | Lost mutation: Your spells are a little harder to cast, but a little more powerful. [potion of mutation]
 32079 | Shoals:5 | Gained mutation: Your magical capacity is low (-10% MP). [potion of mutation]
 32079 | Shoals:5 | Gained mutation: Your flesh is cold resistant. [potion of mutation]
 32292 | Shoals:5 | Noticed Louise
 32303 | Shoals:5 | Killed Louise
 32425 | Shoals:5 | Got a slimy leather armour
 32426 | Shoals:5 | Identified the cursed -1 leather armour "Cruloung" {rF++} (You found it on level 5 of the Shoals)
 33273 | Shoals:5 | Got a brightly glowing diamond amulet
 33276 | Shoals:5 | Identified the amulet "Cliuxias" {Ward rN+ Slay+5} (You found it on level 5 of the Shoals)
 33479 | Shoals:5 | Got a barnacled rune of Zot
 33951 | Shoals:5 | Reached XP level 18. HP: 155/166 MP: 24/24
 34088 | Spider:1 | Entered Level 1 of the Spider Nest
 35526 | Spider:3 | Got a shimmering jade amulet
 35527 | Spider:3 | Identified the amulet of the Countless Wishes {rMut rF+ Stlth+} (You acquired it on level 3 of the Spider Nest)
 35995 | Spider:3 | Received a gift from Trog
 36178 | Spider:4 | Noticed Kirke
 36185 | Spider:4 | Killed Kirke
 36211 | Spider:4 | Gained mutation: You are robust (+10% HP). [evolution]
 36346 | Spider:4 | Noticed Frances
 36362 | Spider:4 | Killed Frances
 36845 | Spider:5 | Entered Level 5 of the Spider Nest
 37453 | Spider:5 | Reached skill level 19 in Long Blades
 37466 | Spider:5 | Received a gift from Trog
 37763 | Spider:5 | Got a gossamer rune of Zot
 38423 | Vaults:1 | Entered Level 1 of the Vaults
 38636 | Vaults:1 | Reached skill level 20 in Long Blades
 38667 | Vaults:1 | Received a gift from Trog
 38671 | Vaults:1 | Reached XP level 19. HP: 189/189 MP: 25/25
 38852 | Vaults:1 | Noticed Asterion
 38871 | Vaults:1 | Killed Asterion
 39113 | Vaults:1 | Reached skill level 21 in Long Blades
 39116 | Vaults:1 | Received a gift from Trog
 39256 | Vaults:1 | Gained mutation: You have a pair of large horns on your head. [potion of mutation]
 39487 | Vaults:2 | Noticed Frederick
 39497 | Vaults:2 | Killed Frederick
 39565 | Vaults:2 | Got a polished cloak
 39577 | Vaults:2 | Identified the +2 cloak "Twoaf" {Slay-2} (You acquired it on level 2 of the Vaults)
 40198 | Orc:4    | Bought a brightly glowing leather armour for 224 gold pieces
 40209 | Orc:4    | Identified the +0 leather armour of Akuityfiyr {+Blink rPois rC+ Str+3 Dex-1} (You bought it in a shop on level 4 of the Orcish Mines)
 40244 | Elf:1    | Entered Level 1 of the Elven Halls
 40547 | Elf:1    | Found Luatuoth's Antique Weapon Shop.
 40557 | Elf:1    | Bought a dazzling falchion for 224 gold pieces
 40558 | Elf:1    | Identified the +3 falchion of Tortfeasance {slice, +Blink +Rage rN+ Str+2} (You bought it in a shop on level 1 of the Elven Halls)
 40909 | Elf:1    | Received a gift from Trog
 41152 | Elf:2    | Reached skill level 22 in Long Blades
 41767 | Elf:3    | Entered Level 3 of the Elven Halls
 41774 | Elf:3    | Received a gift from Trog
 42030 | Elf:3    | Noticed Dustman's ghost (mighty MiFi)
 42042 | Elf:3    | Gained mutation: Your body is slowly deteriorating. [evolution]
 42044 | Elf:3    | Killed Dustman's ghost
 42086 | Elf:3    | Received a gift from Trog
 42094 | Elf:3    | Noticed a Brimstone Fiend
 42359 | Elf:3    | Noticed a Brimstone Fiend
 42361 | Elf:3    | Noticed a Brimstone Fiend
 42394 | Elf:3    | Reached skill level 23 in Long Blades
 42864 | Elf:3    | Reached XP level 20. HP: 199/199 MP: 25/25
 43275 | Elf:3    | Got a steaming leather armour
 43279 | Elf:3    | Identified the +7 leather armour of the Prince {Slay+5} (You took it off a deep elf annihilator on level 3 of the Elven Halls)
 43284 | Elf:3    | Got a vibrating pewter ring
 43285 | Elf:3    | Identified the ring "Mnoxut" {+Fly rC++} (You took it off a deep elf annihilator on level 3 of the Elven Halls)
 43290 | Elf:3    | Got an ancient cutlass
 43290 | Elf:3    | Got an ancient leather armour
 43295 | Elf:3    | Reached skill level 24 in Long Blades
 43305 | Elf:3    | Identified the +9 cutlass of Tartarus {slice, *Tele +Rage Int+3} (You took it off a deep elf annihilator on level 3 of the Elven Halls)
 43307 | Elf:3    | Identified the +3 leather armour of Objectivity {Dex-1 Int+4} (You took it off a deep elf annihilator on level 3 of the Elven Halls)
 43405 | Elf:3    | Got a dazzling scimitar
 43406 | Elf:3    | Identified the +9 scimitar of Dimmael {antimagic, rF++ Int+2} (You found it on level 3 of the Elven Halls)
 43430 | Elf:3    | Got a distressingly furry leather armour
 43431 | Elf:3    | Identified the +0 leather armour "Kutsaliumu" {rF+ Str+1 Slay-1} (You found it on level 3 of the Elven Halls)
 43434 | Elf:3    | Got an ichor-stained ring mail
 43435 | Elf:3    | Identified the +9 ring mail "Hyrphush Ydghu" {rPois rF+ MR++ SInv} (You found it on level 3 of the Elven Halls)
 43517 | Elf:3    | Got a faintly glowing long sword
 43521 | Elf:3    | Got a shimmering plate armour
 43523 | Elf:3    | Got a pitted ring mail
 43536 | Elf:3    | Identified the +1 long sword "Giantbane" {speed, rF++ Dex+3} (You found it on level 3 of the Elven Halls)
 43537 | Elf:3    | Identified the +6 plate armour of Valiance {rC+ Str-2 Curse} (You found it on level 3 of the Elven Halls)
 43538 | Elf:3    | Identified the cursed -5 ring mail of the Burgomaster {rF+ SInv Stlth+} (You found it on level 3 of the Elven Halls)
 43967 | D:13     | Bought a potion of might for 35 gold pieces
 43967 | D:13     | Bought a potion of curing for 28 gold pieces
 44279 | Vaults:2 | Found a staircase to the Crypt.
 44369 | Vaults:2 | Noticed Xtahua
 44379 | Vaults:2 | Killed Xtahua
 44635 | Vaults:2 | Received a gift from Trog
 44853 | Vaults:2 | Reached skill level 25 in Long Blades
 45489 | Vaults:3 | Received a gift from Trog
 45529 | Vaults:3 | Found Seha's Gadget Shoppe.
 45538 | Vaults:3 | Bought a wand of hasting (6) for 720 gold pieces
 46185 | Vaults:4 | Reached skill level 26 in Long Blades
 46348 | Vaults:4 | Reached XP level 21. HP: 206/206 MP: 8/26
 46389 | Vaults:4 | Got a brightly glowing wooden ring
 46390 | Vaults:4 | Identified the ring "Lyik" {rPois MR+} (You found it on level 4 of the Vaults)
 46447 | Vaults:4 | Received a gift from Trog
 46934 | Vaults:4 | Received a gift from Trog
 47422 | Vaults:5 | Entered Level 5 of the Vaults
 47428 | Vaults:5 | Reached skill level 27 in Long Blades
 47875 | Vaults:5 | Received a gift from Trog
 48192 | Vaults:5 | Noticed mess' ghost (great MiBe)
 48194 | Vaults:5 | Got a silver rune of Zot
 48208 | Vaults:5 | Killed mess' ghost
 48346 | Vaults:5 | Reached XP level 22. HP: 229/229 MP: 8/26
 49050 | Vaults:5 | Noticed Alarkh's ghost (mighty DrTm)
 49085 | Vaults:5 | Killed Alarkh's ghost
 49459 | Vaults:5 | Lost mutation: You evolve. [evolution]
 49496 | Vaults:5 | Lost mutation: Your body is slowly deteriorating. [potion of cure mutation]
 49496 | Vaults:5 | Lost mutation: Your magical capacity is low (-10% MP). [potion of cure mutation]
 49496 | Vaults:5 | Lost mutation: Your flesh is cold resistant. [potion of cure mutation]
 49496 | Vaults:5 | Lost mutation: You are agile. (Dex +2) [potion of cure mutation]
 49496 | Vaults:5 | Lost mutation: You can breathe flames. [potion of cure mutation]
 49628 | Vaults:5 | Found Kurismeg's Food Boutique.
 49810 | Vaults:5 | Found Bragh's Magic Scroll Shop.
 49823 | Vaults:5 | Found Wuavil's Distillery.
 50382 | Crypt:1  | Entered Level 1 of the Crypt
 50787 | Crypt:1  | Noticed Khufu
 50790 | Crypt:1  | Noticed a greater mummy
 51018 | Depths:1 | Entered Level 1 of the Depths
 51160 | Depths:1 | Noticed Nikola
 51283 | Depths:1 | Found Pnackoud's Book Shop.
 51288 | Depths:1 | Noticed Norris
 51301 | Depths:1 | Killed Norris
 51375 | Depths:1 | Found Zaprot's Assorted Antiques.
 51430 | Depths:1 | Found Puuvo's Book Boutique.
 51611 | Depths:1 | Reached XP level 23. HP: 244/255 MP: 10/30
 51647 | Depths:1 | Found a gateway to Hell.
 51715 | Depths:1 | Received a gift from Trog
 51756 | Depths:1 | Got a brightly glowing buckler
 51769 | Depths:1 | Identified the +2 buckler "Paoc" {MR+} (You acquired it on level 1 of the Depths)
 51810 | Depths:1 | Noticed Mara
 51836 | Depths:1 | Killed Mara
 51845 | Depths:1 | Killed Mara
 51846 | Depths:1 | Found Puatye's Food Emporium.
 52097 | Depths:1 | Killed Nikola
 52138 | Depths:1 | Found a flickering gateway to a bazaar.
 52150 | Bazaar   | Entered a bazaar
 52164 | Bazaar   | Found Graannef's Distillery.
 52168 | Bazaar   | Bought a potion of heal wounds for 42 gold pieces
 52180 | Bazaar   | Found Nariboxu's Book Shoppe.
 52217 | Bazaar   | Found Paotap's Assorted Antiques.
 52217 | Bazaar   | Found Khidab's Armour Shoppe.
 52221 | Bazaar   | Bought the amulet of the Four Winds {Clar rN+ MR+++} for 763 gold pieces
 52246 | Bazaar   | Found Pnausoth's Food Emporium.
 52246 | Bazaar   | Found Chow's Armour Shoppe.
 52994 | Depths:2 | Got a heavily runed leather armour
 52996 | Depths:2 | Identified the +2 leather armour "Skidahur" {rN+} (You found it on level 2 of the Depths)
 53290 | Depths:2 | Received a gift from Trog
 53621 | Depths:2 | Found a corrupted altar of Lugonu.
 53621 | Depths:2 | Found a one-way gate to the infinite horrors of the Abyss.
 53784 | Depths:2 | Found a gateway to a ziggurat.
 54337 | Depths:3 | Found a one-way gate leading to the halls of Pandemonium.
 54707 | Depths:3 | Received a gift from Trog
 55057 | Depths:4 | Reached skill level 27 in Fighting
 56002 | Depths:4 | Found Chyosant's Jewellery Shop.
 56435 | Depths:4 | Gained mutation: You are partially covered in molten scales (AC +1). [potion of beneficial mutation]
 56629 | Depths:4 | Found a roughly hewn altar of Beogh.
 56753 | Depths:5 | Entered Level 5 of the Depths
 56763 | Depths:5 | Received a gift from Trog
 56763 | Depths:5 | Reached XP level 24. HP: 253/273 MP: 10/31
 57108 | Depths:5 | Found a gate to the Realm of Zot.
 57371 | Depths:5 | Noticed Mennas
 57398 | Depths:5 | Killed Mennas
 57673 | Depths:5 | Found a glowing golden altar of the Shining One.
 58039 | Zot:1    | Entered Level 1 of the Realm of Zot
 58102 | Zot:1    | Got a twitching steel ring
 58104 | Zot:1    | Identified the ring "Psoe" {SustAb rElec} (You found it on level 1 of the Realm of Zot)
 58298 | Zot:1    | Received a gift from Trog
 58854 | Zot:1    | Got a pair of ichor-stained gloves
 58855 | Zot:1    | Identified the +1 pair of gloves of Thuad {Str-3} (You found it on level 1 of the Realm of Zot)
 59724 | Zot:2    | Reached XP level 25. HP: 282/282 MP: 10/31
 59790 | Zot:2    | Received a gift from Trog
 60417 | Zot:3    | Got a pair of jewelled boots
 60418 | Zot:3    | Identified the +0 pair of boots "Pluob" {Int-2} (You acquired it on level 3 of the Realm of Zot)
 61091 | Zot:4    | Reached skill level 15 in Shields
 61505 | Zot:5    | Entered Level 5 of the Realm of Zot
 61705 | Zot:5    | Noticed an ancient lich
 61730 | Zot:5    | Killed an ancient lich
 61756 | Zot:5    | Noticed an ancient lich
 61764 | Zot:5    | Killed an ancient lich
 61807 | Zot:5    | Noticed an orb of fire
 61890 | Zot:5    | Killed an orb of fire
 61951 | Zot:5    | Received a gift from Trog
 62044 | Zot:5    | Reached XP level 26. HP: 292/292 MP: 10/32
 62151 | Zot:5    | Got the Orb of Zot
 62173 | Zot:5    | Gained mutation: Your vision is a little blurry. [a neqoxec]
 62176 | Zot:5    | Gained mutation: You can spit poison. [a neqoxec]
 62221 | Zot:5    | Noticed an ancient lich
 62235 | Zot:5    | Killed an ancient lich
 62252 | Zot:5    | Noticed Bytz the pandemonium lord
 62267 | Zot:5    | Killed Bytz the pandemonium lord
 62367 | Zot:4    | Noticed Two Roe the pandemonium lord
 62367 | Zot:4    | Noticed an ancient lich
 62398 | Zot:4    | Noticed Shri Chig the pandemonium lord
 62409 | Zot:3    | Reached skill level 27 in Armour
 62679 | Zot:1    | Noticed Oqonuuxi the pandemonium lord
 62691 | Zot:1    | Paralysed by a giant eyeball for 4 turns
 62752 | Zot:1    | Noticed Efaeppim the pandemonium lord
 62766 | Zot:1    | Killed Efaeppim the pandemonium lord
 63185 | Depths:5 | Received a gift from Trog
 63331 | Depths:3 | Noticed Geseam the pandemonium lord
 63884 | D:$      | Escaped with the Orb!

Action                   |  1- 3 |  4- 6 |  7- 9 | 10-12 | 13-15 | 16-18 | 19-21 | 22-24 | 25-27 || total
-------------------------+-------+-------+-------+-------+-------+-------+-------+-------+-------++-------
Melee: Falchion          |    80 |   100 |     8 |       |       |       |       |       |       ||   188
       Scimitar          |       |       |   211 |   636 |  1705 |  1363 |  1363 |  1830 |   518 ||  7626
       Blessed scimitar  |       |       |       |       |       |       |       |     6 |       ||     6
       Eudemon blade     |       |       |       |       |       |       |       |    31 |   272 ||   303
Throw: Javelin           |       |       |       |       |     7 |    24 |     6 |       |       ||    37
Invok: Berserk           |       |     4 |     2 |     4 |    12 |    15 |    22 |    19 |     2 ||    80
       Trog's Hand       |       |     1 |     4 |     1 |     6 |    12 |    29 |    20 |    11 ||    84
       Brothers in Arms  |       |       |     3 |     3 |     7 |    16 |    18 |     6 |     3 ||    56
       Burn Spellbooks   |       |       |       |     8 |     5 |     3 |     4 |     7 |       ||    27
 Abil: Breathe Fire      |       |       |       |       |       |     2 |       |       |       ||     2
       Spit Poison       |       |       |       |       |       |     1 |       |       |       ||     1
Evoke: Wand              |       |       |    18 |     2 |     5 |     9 |     1 |     5 |     6 ||    46
  Use: Potion            |     3 |     1 |     5 |     3 |    10 |     6 |     1 |     6 |     9 ||    44
       Scroll            |       |     3 |       |    12 |     7 |    13 |    18 |    15 |    13 ||    81
 Stab: Confused          |       |       |     1 |       |       |       |       |       |       ||     1
       Distracted        |       |       |       |     1 |     1 |     4 |     5 |     2 |     3 ||    16
       Fleeing           |       |       |       |       |     1 |       |       |       |       ||     1
       Sleeping          |       |       |       |       |       |       |     3 |     1 |       ||     4
  Eat: Bread ration      |     1 |       |       |       |       |       |       |       |       ||     1
       Chunk             |       |     5 |    13 |    28 |    49 |    50 |    49 |    46 |    12 ||   252
       Fruit             |       |       |     2 |     1 |       |     3 |     5 |    13 |    13 ||    37
       Beef jerky        |       |       |     1 |       |     1 |     6 |     2 |       |       ||    10
       Royal jelly       |       |       |       |       |     1 |       |     2 |       |       ||     3
       Pizza             |       |       |       |       |     1 |     2 |     1 |     3 |       ||     7
